 Dungeon Crawl Stone Soup version 0.23-a0-586-gacb4b3f4ce (webtiles) character file.

85 Maize the Skirmisher (level 4, 0/42 HPs)
             Began as a Minotaur Fighter on Dec 19, 2018.
             Slain by a gnoll
             ... wielding a +0 halberd
              (5 damage)
             ... on level 2 of the Dungeon.
             The game lasted 00:02:12 (1250 turns).

Maize the Skirmisher (Minotaur Fighter)             Turns: 1250, Time: 00:02:12

Health: 0/42       AC:  8    Str: 21    XL:     4   Next: 25%
Magic:  3/3        EV:  9    Int:  5    God:
Gold:   74         SH:  0    Dex: 10    Spells: 3/3 levels left

rFire    . . .     SeeInvis .   a - +0 war axe
rCold    . . .     Gourm    .   (no shield)
rNeg     . . .     Faith    .   b - +0 scale mail
rPois    .         Spirit   .   p - +1 hat
rElec    .         Reflect  .   (no cloak)
rCorr    .         Harm     .   (no gloves)
MR       .....                  (no boots)
Stlth    ..........             (no amulet)
HPRegen  0.14/turn              (no ring)
MPRegen  0.08/turn              (no ring)

@: no status effects
A: retaliatory headbutt, horns 2
a: no special abilities


You were on level 2 of the Dungeon.
You were not hungry.

You visited 1 branch of the dungeon, and saw 2 of its levels.

You collected 74 gold pieces.

Inventory:

Hand Weapons
 a - a +0 war axe (weapon)
Armour
 b - a +0 scale mail (worn)
 p - a +1 hat (worn)
Scrolls
 e - a scroll of fog {unknown}
 j - a scroll of teleportation {unknown}
 k - a scroll of remove curse {unknown}
 m - a scroll of fear {unknown}
 q - a scroll of noise {unknown}
Potions
 c - 2 potions of lignification {unknown}
 d - a potion of might
 h - a potion of flight {unknown}
 i - a potion of ambrosia {unknown}
 l - a potion of resistance {unknown}
 n - a potion of curing {unknown}
 o - a potion of heal wounds {unknown}
Comestibles
 f - 3 rations
 g - a chunk of flesh


   Skills:
 + Level 5.1 Fighting
 - Level 2.4 Axes
 + Level 5.0 Armour
   Level 3.6 Shields


You had 3 spell levels left.
You didn't know any spells.
Your spell library was empty.

Dungeon Overview and Level Annotations

Branches:
Dungeon (2/15)

Altars:


Innate Abilities, Weirdness & Mutations

You reflexively headbutt those who attack you in melee.
You have a pair of horns on your head.


Message History

The gnoll hits you with a +0 whip.
The gnoll hits you from afar with a +0 halberd.
* * * LOW HITPOINT WARNING * * *
You hit the gnoll. You headbutt the gnoll.
You kill the gnoll!
The gnoll hits you from afar with a +0 halberd.
* * * LOW HITPOINT WARNING * * *
The gnoll hits you with a +0 halberd.
* * * LOW HITPOINT WARNING * * *
Items here: )) †† a +0 whip; a +0 halberd; a gnoll corpse x2
You slash the gnoll!
The gnoll is severely wounded.
The gnoll hits you with a +0 halberd.
* * * LOW HITPOINT WARNING * * *
You barely miss the gnoll.
You headbutt the gnoll, but do no damage.
The gnoll is severely wounded.
The gnoll hits you with a +0 halberd.
You die...

#.#
#.#
#.#
#.#
#.#
#r#
#g#
#@#
#.#
#.#
#.#
#.#
#.#
#.#
#.#
#.#


You could see a gnoll and a rat.

Vanquished Creatures
  2 gnolls (D:2)
  3 adders (D:2)
  3 dart slugs
  A leopard gecko (D:2)
  A ball python (D:1)
  4 giant cockroaches (D:1)
  3 goblins
  4 hobgoblins
  A quokka (D:2)
  5 frilled lizards
  4 kobolds (D:1)
  4 rats
35 creatures vanquished.

Notes
Turn   | Place    | Note
-------+----------+-------------------------------------------
     0 | D:1      | Maize the Minotaur Fighter began the quest for the Orb.
     0 | D:1      | Reached XP level 1. HP: 19/19 MP: 0/0
   175 | D:1      | Reached XP level 2. HP: 23/27 MP: 1/1
   839 | D:2      | Reached XP level 3. HP: 31/34 MP: 2/2
  1245 | D:2      | Reached skill level 5 in Fighting
  1245 | D:2      | Reached skill level 5 in Armour
  1245 | D:2      | Reached XP level 4. HP: 25/42 MP: 3/3
  1250 | D:2      | Slain by a gnoll

Vault maps used:
D:1:      lightli_molten_gateway, minmay_worlds_worst_comb

Skill      XL: |  1  2  3 |
---------------+----------+-----
Fighting       | 4 5 |  5.1
Armour         | 4 5 |  5.0
Axes           | |  2.4
Shields        | |  3.6

Action                   |  1- 3 |  4- 6 || total
-------------------------+-------+-------++-------
Melee: War axe           |    76 |     4 ||    80
       Headbutt          |     7 |     2 ||     9
  Eat: Chunk             |     1 |       ||     1
Armor: Scale mail        |    41 |       ||    41
Dodge: Dodged            |    53 |     2 ||    55

Table legend:
 A = Non-vault XP
 B = Vault XP
 C = Vault XP percentage of total XP
 D = Non-vault monster count
 E = Vault monster count
 F = Vault count percentage of total count
                 A         B        C        D         E       F
            +---------+---------+-------+---------+---------+-------
      Total |     116 |       6 |   4.9 |      32 |       3 |   8.6
            +---------+---------+-------+---------+---------+-------
        D:1 |      32 |       6 |  15.8 |      18 |       3 |  14.3
        D:2 |      84 |       0 |   0.0 |      14 |       0 |   0.0
            +---------+---------+-------+---------+---------+-------
